Map: Bridgehead LE (Void)

Players

SticklerMac

  • Race: Zerg Zerg
  • League: Bronze

Cabusters - Winner!

  • Race: Terran Terran
  • League: Grandmaster

VOD

Have the link to the VOD?

Description

Time

  • Played on: Aug. 10, 2015, 8:58 p.m.
  • Length: 11:18
Show
View Real Time Build Order
Export as new Build Order

SticklerMac Zerg 

Build Orders: Pool First 

Get SALT Encoding   

  12  0:01  Drone  
  13  0:08  Drone  
  14  0:17  Overlord  
  14  0:38  Drone, Spawning Pool  
  14  0:42  Drone  
  15  0:45  Drone  
  16  0:50  Drone  
  16  0:56  Extractor  
  16  1:07  Drone  
  17  1:25  Hatchery  
  17  1:31  Drone x2  
  17  1:33  Drone  
  18  1:45  Queen  
  20  1:54  Overlord  
  20  1:57  Drone  
  21  2:11  Drone  
  21  2:13  Metabolic Boost  
  22  2:18  Drone  
  23  2:35  Roach Warren  
  23  2:36  Drone, Extractor  
  23  2:37  Drone x2  
  23  2:44  Queen  
  24  2:50  Drone x2  
  28  2:59  Queen  
  30  3:06  Drone  
  30  3:09  Drone  
  30  3:11  Drone  
  33  3:15  Overlord  
  33  3:19  Queen  
  35  3:28  Zergling x2  
  35  3:32  Overlord  
  36  3:39  Drone x3  
  39  3:43  Drone x4  
  43  3:51  Drone x2  
  45  4:09  Drone x5  
  51  4:10  Drone  
  51  4:12  Drone, Extractor  
  51  4:14  Lair  
  51  4:20  Drone  
  51  4:24  Evolution Chamber, Drone  
  52  4:48  Overlord x4  
  52  4:51  Zerg Missile Weapons Level 1  
  52  4:54  Overlord x2  
  52  5:08  Extractor  
  51  5:15  Spire  
  50  5:32  Drone  
  50  5:33  Drone  
  52  5:37  Drone  
  52  5:42  Roach  
  55  5:43  Roach x10  
  75  5:55  Roach  
  75  5:56  Roach x4  
  85  6:05  Overseer  
  85  6:07  Pneumatized Carapace  
  85  6:12  Roach x3  
  91  6:30  Mutalisk x4  
  97  6:41  Mutalisk  
  99  6:52  Overlord x5  
  99  6:53  Overlord  
  99  7:02  Overlord  
  99  7:14  Roach x2  
  99  7:15  Mutalisk x2  
  103  7:20  Hatchery  
  106  7:25  Mutalisk  
  106  7:26  Mutalisk  
  110  7:47  Zergling x2  
  110  7:48  Zergling x16  
  119  7:57  Roach  
  121  8:09  Drone  
  121  8:11  Roach x2  
  124  8:36  Zergling x6  
  124  8:37  Zergling x14  
  132  9:09  Zergling x12  
  97  9:25  Roach  
  97  9:26  Roach  
  66  9:48  Zergling x6  
  66  9:49  Zergling x2  
  70  9:53  Hatchery  
  70  9:56  Zergling x4  
  71  10:00  Zergling x2  
  71  10:01  Zergling x6  
  71  10:03  Hatchery  
  71  10:04  Mutalisk  
  71  10:05  Mutalisk x3  
  82  10:07  Baneling Nest  
  82  10:09  Mutalisk  
  82  10:12  Hatchery  
  82  10:18  Mutalisk x2  
  82  10:21  Mutalisk  
  86  10:26  Queen  
  86  10:27  Queen  
  92  10:38  Mutalisk x4  
  92  10:39  Mutalisk x2  
Show
View Real Time Build Order
Export as new Build Order

Cabusters Terran - Winner!

Build Orders: Siege Tank Drop 

Get SALT Encoding   

  12  0:01  SCV  
  13  0:13  SCV  
  14  0:25  Supply Depot  
  14  0:26  Refinery  
  14  0:29  SCV  
  15  0:46  SCV  
  15  0:48  Barracks  
  16  0:58  SCV  
  17  1:10  SCV  
  18  1:23  SCV  
  19  1:35  Marine  
  19  1:37  Factory  
  20  1:40  Orbital Command  
  20  1:45  Refinery  
  20  1:55  Supply Depot  
  20  1:58  Barracks Tech Lab  
  20  2:05  SCV  
  21  2:31  Starport  
  21  2:35  Command Center  
  21  2:40  Siege Tank  
  24  2:44  SCV  
  25  2:56  SCV  
  26  3:01  Marine  
  27  3:06  Supply Depot  
  27  3:09  SCV  
  28  3:15  Medivac  
  30  3:27  Siege Tank  
  33  3:35  SCV  
  34  3:42  Supply Depot  
  34  3:47  SCV  
  35  3:49  Marine  
  35  3:53  Barracks  
  35  3:55  Orbital Command  
  36  3:59  SCV  
  37  4:02  Starport Reactor  
  37  4:11  SCV  
  37  4:16  Engineering Bay  
  38  4:24  SCV  
  38  4:25  SCV  
  38  4:29  Marine  
  41  5:07  SCV x2  
  43  5:26  Siege Tank, Medivac  
  43  5:27  Medivac  
  50  5:29  Barracks Reactor  
  50  5:35  Barracks x2  
  50  5:37  SCV x2, Barracks  
  50  5:41  Missile Turret x2  
  50  5:42  Refinery  
  52  5:44  Missile Turret  
  52  6:02  Missile Turret  
  52  6:08  Hi-Sec Auto Tracking  
  52  6:09  Barracks Reactor  
  52  6:14  Missile Turret  
  52  6:15  SCV x2  
  52  6:17  Engineering Bay  
  52  6:18  Missile Turret  
  54  6:24  Missile Turret  
  54  6:27  SCV x2  
  54  6:30  Refinery  
  56  6:40  SCV x2  
  58  6:51  Barracks Tech Lab  
  58  6:52  Barracks Tech Lab  
  55  6:54  Barracks Tech Lab  
  55  7:00  Siege Tank  
  58  7:01  Medivac  
  58  7:02  Medivac  
  62  7:08  Marine x2  
  62  7:09  Marine x3  
  62  7:13  Marauder  
  62  7:14  Concussive Shells  
  67  7:17  Stimpack  
  67  7:18  Combat Shields  
  67  7:25  SCV  
  67  7:26  SCV, Marine  
  70  7:30  Missile Turret  
  70  7:38  SCV x2, Marine x3, Marauder x3  
  81  7:44  Marine  
  81  7:45  Siege Tank  
  85  7:51  Supply Depot  
  85  7:52  Supply Depot  
  85  7:55  Supply Depot  
  85  7:56  Marine  
  86  8:03  Terran Infantry Weapons Level 1  
  86  8:04  Terran Infantry Armor Level 1  
  86  8:13  SCV x2, Marauder, Medivac x2  
  86  8:16  Marauder, Marine x5  
  101  8:25  SCV x2  
  103  8:34  Marine x5  
  108  8:41  Marine  
  108  8:42  Marine  
  108  8:43  Missile Turret  
  108  8:47  Missile Turret  
  110  9:03  Marine  
  110  9:04  Marine  
  110  9:05  Medivac, Marine  
  110  9:07  SCV, Marauder  
  110  9:08  SCV, Marine x3  
  105  9:19  SCV  
  96  9:28  Orbital Command  
  83  9:34  Marine x7  
  84  9:51  Marine  
  84  9:52  Marine x3  
  88  9:53  SCV  
  88  9:54  SCV  
  90  10:05  SCV  
  90  10:06  SCV  
  92  10:08  Viking  
  94  10:14  Missile Turret  
  94  10:17  SCV  
  94  10:18  SCV  
  96  10:28  Marine x6  
  102  10:42  Armory  
  102  10:45  Supply Depot  
  102  10:47  Supply Depot  
  102  10:49  Supply Depot  
  102  10:50  Marine x6  
  102  10:51  SCV x2, Supply Depot  
Tags
 
Add a new tag
Caveats
  • Supply blocks, unpowered buildings, or Contaminate may cause inaccurate times.
  • Supply counts are checked every 10 seconds.